 Dungeon Crawl Stone Soup version 0.31.0-9-g3a7656b989 (webtiles) character file.

Game seed: 11758310524309424533

16 Marvel the Chopper (level 2, 0/27 HPs)
             Began as a Minotaur Berserker on Feb 6, 2024.
             Was a Follower of Trog.
             Slain by a gnoll
             ... wielding a +0 spear
              (3 damage)
             ... on level 2 of the Dungeon.
             The game lasted 00:00:29 (816 turns).

Marvel the Chopper (Minotaur Berserker)              Turns: 816, Time: 00:00:29

Health: 0/27       AC:  2    Str: 21    XL:     2   Next: 41%
Magic:  1/1        EV: 12    Int:  4    God:    Trog [*.....]
Gold:   74         SH:  0    Dex:  9    Spells: 1/1 levels left

rFire   . . .        a - +0 hand axe
rCold   . . .        (no shield)
rNeg    . . .        b - +0 animal skin
rPois   .            (helmet restricted)
rElec   .            (no cloak)
rCorr   .            (no gloves)
SInv    .            (no boots)
Will    .....        (no amulet)
Stlth   +            (no ring)
HPRegen 0.24/turn    (no ring)
MPRegen 0.07/turn

%: no passive effects
@: no status effects
A: horns 2, retaliatory headbutt
a: Renounce Religion, Berserk


You were on level 2 of the Dungeon.
You worshipped Trog.
Trog was aware of your devotion.
You visited 1 branch of the dungeon, and saw 2 of its levels.

You collected 74 gold pieces.

Inventory:

Hand Weapons
 a - a +0 hand axe (weapon)
Armour
 b - a +0 animal skin (worn)
Scrolls
 d - a scroll of brand weapon {unknown}
Potions
 c - 2 potions of haste {unknown}
 e - a potion of mutation {unknown}
 f - a potion of invisibility {unknown}
 g - a potion of berserk rage {unknown}


   Skills:
 + Level 4.0 Fighting
 + Level 4.1 Axes
 + Level 2.4 Armour
 + Level 2.3 Dodging
 + Level 0.2 Stealth


You had one spell level left.
You didn't know any spells.
Your spell library was empty.

Dungeon Overview and Level Annotations

Branches:
Dungeon (2/15)

Altars:

Shops:
D:2 [


Innate Abilities, Weirdness & Mutations

You have a pair of horns on your head.
You reflexively headbutt those who attack you in melee.


Message History

You hit the endoplasm. Your punch misses the endoplasm.
The endoplasm is moderately wounded.
The endoplasm freezes you.
You are frozen.
You slash the endoplasm!
You kill the endoplasm!
Trog accepts your kill.
No target in view!
No target in view!
c - 2 smoky sapphire potions (gained 1)
g - a purple potion An endoplasm comes into view.
The helpless endoplasm fails to defend itself.
You slash the endoplasm!
You kill the endoplasm!
Trog accepts your kill.
No target in view!
You see here 6 stones.
A kobold and a gnoll come into view.
The kobold shouts!
The gnoll shouts!
A gnoll comes into view. It is wielding a +2 flail of pain.
A gnoll comes into view. It is wielding a +0 spear.
You completely miss the kobold.
The gnoll shouts! x2
You headbutt the kobold.
You kill the kobold!
Trog accepts your kill.
A gnoll comes into view. It is wielding a +0 spear.
The gnoll shouts!
The gnoll hits you from afar with a +0 spear!
You see here a smoky sapphire potion.
The gnoll hits you with a +2 flail of pain!
* * * LOW HITPOINT WARNING * * *
You writhe in agony.
* * * LOW HITPOINT WARNING * * *
The gnoll hits you from afar with a +0 spear.
* * * LOW HITPOINT WARNING * * *
You are too injured to fight recklessly!
The gnoll hits you with a +0 spear.
You die...

#. .>. .... ...##
.#####+#######+####......
........(.......@gg.g.#
#...........##..#g....#
#..######.......).###.#
#. #...#####.# .. #..##
#.###.... #..# #.......
#..#########...
####.........##..#
#.............##..# .


You could see 4 gnolls.

Vanquished Creatures
  3 endoplasms (D:2)
  A goblin (D:2)
  A hobgoblin (D:2)
  A quokka (D:1)
  2 ball pythons (D:1)
  3 bats
  2 kobolds (D:2)
  3 rats (D:1)
16 creatures vanquished.

Notes
Turn   | Place    | Note
-------+----------+-------------------------------------------
     0 | D:1      | Marvel the Minotaur Berserker began the quest for the Orb.
     0 | D:1      | Reached XP level 1. HP: 19/19 MP: 0/0
   640 | D:2      | Reached XP level 2. HP: 18/27 MP: 1/1
   694 | D:2      | Found Ducok's Antique Armour Emporium.
   816 | D:2      | Slain by a gnoll

Illustrated notes

Levels and vault maps discovered:
D:1:      grunt_arrival_crossed_arrows, layout_loops_ring, grunt_decor_arrowhead
D:2:      layout_loops_ring, serial_shops, shop, minmay_quadrilaterals,
          uniq_crazy_yiuf_cottage

Skill      XL: |  1  2 |
---------------+-------+-----
Axes           | 4 |  4.1
Fighting       | 4 |  4.0
Armour         | |  2.4
Dodging        | |  2.3
Stealth        | |  0.2

Action                     || total
---------------------------++-------
  Melee: Hand axe          ||    30
         Headbutt          ||     8
   Stab: Sleeping          ||     3
 Armour: Animal skin       ||    14
  Dodge: Dodged            ||    15
